 Dungeon Crawl Stone Soup version 0.21.1-1-g345015f (webtiles) character file.

107 prawnwizard the Ruffian (level 4, -4/31 HPs)
             Began as an Octopode Fighter on July 4, 2018.
             Slain by an orc wizard
             ... wielding a +0 dagger
              (5 damage)
             ... on level 3 of the Dungeon.
             The game lasted 00:02:54 (1947 turns).

prawnwizard the Ruffian (Octopode Fighter)          Turns: 1947, Time: 00:02:54

Health: -4/31      AC:  1    Str: 15    XL:     4   Next: 85%
Magic:  4/4        EV: 14    Int: 10    God:
Gold:   152        SH:  0    Dex: 12    Spells: 3/3 levels left

rFire    . . .     SeeInvis .     - Unarmed
rCold    . . .     Gourm    +   (no shield)
rNeg     . . .     Faith    .   n - +0 hat
rPois    .         Spirit   .   g - amulet of the gourmand
rElec    .         Reflect  .   (no ring)
rCorr    .         Harm     .   (no ring)
MR       .....                  (no ring)
Stlth    ++........             (no ring)
HPRegen  0.10/turn              (no ring)
MPRegen  0.09/turn              (no ring)
                                (no ring)
                                (no ring)

@: no status effects
A: almost no armour, stealthy swim, amphibious, 8 rings, constrict 8, camouflage
1, gelatinous body 1
a: no special abilities


You were on level 3 of the Dungeon.
You were not hungry.

You visited 1 branch of the dungeon, and saw 3 of its levels.

You collected 152 gold pieces.

Inventory:

Armour
 a - a +0 shield
 n - a +0 hat (worn)
Jewellery
 g - an amulet of the gourmand (around mantle)
Wands
 l - a wand of acid (14)
 o - a wand of paralysis (8)
Scrolls
 d - 4 scrolls of remove curse {unknown}
 e - 3 scrolls of magic mapping {unknown}
 h - 2 scrolls of identify {unknown}
 m - a scroll of fear {unknown}
 p - a scroll of enchant armour {unknown}
 q - a scroll of blinking {unknown}
Potions
 b - 2 potions of might
 f - 2 potions of haste {unknown}
 i - a potion of brilliance {unknown}
 j - a potion of curing {unknown}
Comestibles
 c - 2 rations
 k - 17 chunks of flesh


   Skills:
 - Level 3.0 Fighting
 + Level 4.0 Dodging
 - Level 3.0 Shields
 * Level 4.1 Unarmed Combat


You had 3 spell levels left.
You didn't know any spells.

Dungeon Overview and Level Annotations

Branches:
Dungeon (3/15)

Altars:


Innate Abilities, Weirdness & Mutations

You cannot wear most types of armour.
You are very stealthy in the water. (Stealth+)
You are amphibious.
You can wear up to eight rings at the same time.
You can use your tentacles to constrict eight enemies at once.
Your skin changes colour to match your surroundings (Stealth+).
Your rubbery body absorbs attacks. (AC +1, EV +1)


Message History

The orc wizard is lightly wounded.
You constrict the orc wizard.
The orc wizard casts a spell.
The orc wizard blinks!
The orc wizard gestures at you while chanting.
The magic dart hits you!
* * * LOW HITPOINT WARNING * * *
You tentacle-slap the orc wizard.
The orc wizard is heavily wounded.
You constrict the orc wizard. The orc wizard hits you with a dagger.
* * * LOW HITPOINT WARNING * * *
The orc hits you with a club.
* * * LOW HITPOINT WARNING * * *
You release your grip on the orc wizard.
The orc wizard gestures wildly while chanting.
The orc wizard seems to speed up.
The orc wizard hits you with a dagger.
* * * LOW HITPOINT WARNING * * *
The orc wizard hits you with a dagger.
You die...

......................#
.....#...###.#........# #####
#..#.#...###.#........##....###
.......................+)......
.........###.##.#...####.......
.....##..# #.##.....####o......
...#.##..###.##.......ooo...<..
.....##..........o#########....
................@......... ...
...###......<....#####..# ...
...# #..####.###.#####..####.#.#
...###..####.# #.#...............
.............# #.#.####.#.##.#.#.
...........#.# #.#.####.#........
.#####.....#.###'#.##............
...........#.#.......#..#.##.....
#....#.....##........#..#.##..##.


You could see an orc wizard.

Vanquished Creatures
  4 adders
  3 oozes
  3 worms (D:2)
  A dart slug (D:2)
  A leopard gecko (D:2)
  4 orcs (D:3)
  5 bats
  4 goblins
  5 hobgoblins
  6 kobolds
  A ball python (D:2)
  5 frilled lizards
  6 rats
48 creatures vanquished.

Notes
Turn   | Place    | Note
-------+----------+-------------------------------------------
     0 | D:1      | prawnwizard the Octopode Fighter began the quest for the Orb.
     0 | D:1      | Reached XP level 1. HP: 16/16 MP: 1/1
   120 | D:1      | Reached XP level 2. HP: 5/21 MP: 2/2
   395 | D:1      | You fall through a shaft!
   446 | D:2      | Found a faded altar of an unknown god.
   511 | D:2      | Reached XP level 3. HP: 24/26 MP: 3/3
  1107 | D:2      | Reached XP level 4. HP: 30/31 MP: 4/4
  1940 | D:3      | HP: 1/31 [orc/club (4)]
  1946 | D:3      | HP: 1/31 [orc wizard/dagger (1)]
  1947 | D:3      | Slain by an orc wizard

Skill      XL: |  1  2  3  4 |
---------------+-------------+-----
Unarmed Combat | 3 4 |  4.1
Dodging        | 4 |  4.0
Fighting       | |  3.0
Shields        | |  3.0

Action                   |  1- 3 |  4- 6 || total
-------------------------+-------+-------++-------
Melee: Unarmed           |    57 |    37 ||    94
       Constrict         |    13 |    15 ||    28
       Tentacles         |    11 |    10 ||    21
       Punch             |     1 |     1 ||     2
 Stab: Sleeping          |     1 |     2 ||     3
  Eat: Chunk             |     1 |     2 ||     3
Armor: Skin              |     5 |     3 ||     8
Dodge: Dodged            |    43 |    19 ||    62
